 Dungeon Crawl Stone Soup version 0.20-a0-1050-g57248f3 (webtiles) character file.

169 MatthieuS the Magician (level 5, 0/29 HPs)
             Began as a Deep Elf Wizard on Apr 25, 2017.
             Killed from afar by an orc wizard (4 damage)
             ... with a magic dart
             ... on level 3 of the Dungeon.
             The game lasted 00:17:01 (3718 turns).

MatthieuS the Magician (Deep Elf Wizard)            Turns: 3718, Time: 00:17:01

Health: 0/29       AC:  4    Str:  5    XL:     5   Next: 25%
Magic:  14/15      EV: 13    Int: 23    God:
Gold:   106        SH:  0    Dex: 13    Spells: 2/15 levels left

rFire    . . .     SeeInvis .   w - +1 hunting sling
rCold    . . .     Gourm    .   (no shield)
rNeg     . . .     Faith    .   e - +0 robe
rPois    .         Spirit   .   b - +0 hat
rElec    .         Reflect  .   (no cloak)
rCorr    .         Harm     .   r - +1 pair of gloves
MR       .....                  (no boots)
Stlth    ++........             (no amulet)
Regen    0.1/turn               (no ring)
MPRegen  0.2/turn               (no ring)

@: very slightly contaminated
A: no striking features
a: no special abilities


You were on level 3 of the Dungeon.
You were hungry.

You visited 1 branch of the dungeon, and saw 3 of its levels.

You collected 106 gold pieces.

Inventory:

Hand Weapons
 a - a +0 falchion
 w - a +1 hunting sling (weapon)
Missiles
 m - 29 stones
 o - 4 sling bullets (quivered)
Armour
 b - a +0 hat (worn)
 e - a +0 robe (worn)
 r - a +1 pair of gloves (worn)
Wands
 k - a wand of enslavement (24/24)
 t - a wand of iceblast (4/15)
Potions
 i - a potion of heal wounds {unknown}
 l - a potion of brilliance {unknown}
 p - a potion of magic
 s - a potion of flight {unknown}
 u - 2 potions of lignification {unknown}
Books
 c - a book of Minor Magic

   Spells                             Type                      Level
   a - Magic Dart                     Conjuration                  1
   b - Blink                          Translocation                2
   c - Call Imp                       Summoning                    2
   d - Slow                           Hexes                        2
   e - Conjure Flame                  Conjuration/Fire             3
   f - Mephitic Cloud                 Conjuration/Poison/Air       3
Comestibles
 d - 4 bread rations
 f - a meat ration


   Skills:
 - Level 1.2 Fighting
   Level 0.4 Short Blades
 - Level 2.4 Dodging
 - Level 2.4 Stealth
 + Level 5.8 Spellcasting
 + Level 3.5 Conjurations
 - Level 1.0 Hexes
 - Level 1.1 Summonings
 - Level 1.1 Translocations
 * Level 0.2 Air Magic
 - Level 1.2 Poison Magic


You had 2 spell levels left.
You knew the following spells:

 Your Spells              Type           Power        Failure   Level  Hunger
a - Magic Dart            Conj           ###.         1%          1    None
b - Blink                 Tloc           N/A          9%          2    None
c - Mephitic Cloud        Conj/Pois/Air  ##......     13%         3    #......
d - Call Imp              Summ           ##......     9%          2    None
e - Slow                  Hex            ##......     9%          2    None
f - Conjure Flame         Conj/Fire      ##......     13%         3    #......


Dungeon Overview and Level Annotations

Branches:
Dungeon (3/15)

Altars:


Message History

You shoot a sling bullet. The sling bullet hits the orc!
You kill the orc!
The orc wizard hits the orc priest but does no damage.
The orc priest calls upon Beogh to heal the orc wizard.
The orc wizard's wounds heal themselves!
The orc misses you.
The orc priest invokes the aid of Beogh against you.
Beogh smites you!
* * * LOW HITPOINT WARNING * * *
The orc closely misses you.
The orc wizard seems less confused.
Okay, then.
Casting: Magic Dart
Confirm with . or Enter, or press ? or * to list all spells.
You blink.
The orc wizard mumbles some strange words.
The orc wizard seems to speed up.
The orc wizard gestures at you while chanting.
The magic dart hits you!
You die...

#.?#......#..#
#.......#..#
##......o..# #
#.#.....#.## ..
..##.....#.#
.###.. #######.#
##..... # #.# ...#
.# #.# ..####..##
### #@# .........
..# #.# ....##.#
#.# #.# .......#
#.# #.# ....###
##.###.# ...#####
##.#.##.#
..>....###.###.#.#
.#####....## ##..#
.# #####.# #.###


You could see an orc wizard.

Vanquished Creatures
  The ghost of Guenter the Ducker, a weakling VSWn (D:3)
  5 adders (D:2)
  5 worms
  2 dart slugs
  2 orcs (D:3)
  14 bats
  5 giant cockroaches
  4 goblins
  8 hobgoblins
  13 kobolds
  4 quokkas
  5 frilled lizards
  4 rats
72 creatures vanquished.

Notes
Turn   | Place    | Note
-------+----------+-------------------------------------------
     0 | D:1      | MatthieuS the Deep Elf Wizard began the quest for the Orb.
     0 | D:1      | Reached XP level 1. HP: 10/10 MP: 7/7
   355 | D:1      | Reached XP level 2. HP: 12/15 MP: 7/9
  1027 | D:1      | Reached skill level 5 in Spellcasting
  1218 | D:2      | Reached XP level 3. HP: 20/20 MP: 7/11
  1917 | D:2      | Reached skill level 1 in Fighting
  2134 | D:2      | Reached XP level 4. HP: 22/25 MP: 8/13
  2180 | D:2      | Learned a level 2 spell: Blink
  2184 | D:2      | Learned a level 3 spell: Mephitic Cloud
  2187 | D:2      | Learned a level 2 spell: Call Imp
  2190 | D:2      | Learned a level 2 spell: Slow
  2194 | D:2      | Learned a level 3 spell: Conjure Flame
  2408 | D:2      | Reached skill level 1 in Hexes
  3554 | D:3      | Noticed Guenter's ghost (weakling VSWn)
  3581 | D:3      | Killed Guenter's ghost
  3581 | D:3      | Reached skill level 1 in Poison Magic
  3581 | D:3      | Reached XP level 5. HP: 29/29 MP: 3/15
  3718 | D:3      | Killed from afar by an orc wizard

Vault maps used:
D:1:      nagdon_arrival_zigzag_paths
D:3:      first_bread

Skill      XL: |  1  2  3  4 |
---------------+-------------+-----
Conjurations   | 2 3 |  3.5
Spellcasting   | 5 |  5.8
Fighting       | 1 |  1.2
Hexes          | 1 |  1.0
Poison Magic   | 1 |  1.2
Short Blades   | |  0.4
Dodging        | |  2.4
Stealth        | |  2.4
Summonings     | |  1.1
Translocations | |  1.1
Air Magic      | |  0.2

Action                   |  1- 3 |  4- 6 || total
-------------------------+-------+-------++-------
Melee: Dagger            |    52 |       ||    52
       Falchion          |    15 |       ||    15
 Fire: Hunting sling     |    52 |    75 ||   127
 Cast: Magic Dart        |    51 |    42 ||    93
       Slow              |       |     4 ||     4
       Mephitic Cloud    |       |     1 ||     1
       Blink             |       |     1 ||     1
  Use: Scroll            |       |     5 ||     5
       Potion            |       |     1 ||     1
 Stab: Sleeping          |     2 |       ||     2
  Eat: Chunk             |     4 |     4 ||     8
Armor: Leather armour    |     5 |       ||     5
       Ring mail         |    63 |     4 ||    67
       Robe              |       |     9 ||     9
Dodge: Dodged            |    72 |    36 ||   108
       Rpst.: Falchion   |     2 |       ||     2
